 Dungeon Crawl Stone Soup version 0.26-a0-694-g74916bafe0 (webtiles) character file.

Game seed: 3277685680309094564

2505 Efficiency the Cleaver (level 9, -5/74 HPs)
             Began as a Deep Dwarf Delver on Oct 23, 2020.
             Was a Follower of Makhleb.
             Slain by a two-headed ogre
             ... wielding a +0 giant spiked club
              (14 damage)
             ... on level 11 of the Dungeon on Oct 25, 2020.
             The game lasted 00:22:14 (1120 turns).

Efficiency the Cleaver (Deep Dwarf Delver)          Turns: 1120, Time: 00:22:14

Health: -5/74      AC: 12    Str: 19    XL:     9   Next: 28%
Magic:  1/2        EV:  9    Int: 11    God:    Makhleb [*.....]
Gold:   112        SH:  0    Dex: 23    Spells: 8/8 levels left

rFire    + . .     SeeInvis .   r - +0 war axe
rCold    x . .     Faith    .   (no shield)
rNeg     + . .     Spirit   .   f - +0 plate armour
rPois    .         Reflect  .   (no helmet)
rElec    .         Harm     .   (no cloak)
rCorr    .         Rampage  .   (no gloves)
MR       ++...                  n - +0 pair of boots
Stlth    ..........             p - amulet of the acrobat
HPRegen  0.00/turn              m - ring of protection from magic
MPRegen  0.08/turn              j - ring of Ruing {Fire *Corrode +Blink +Inv rN+ Dex+9}

@: very slightly contaminated, non-regenerating, invisible
A: damage resistance, heal wounds, sense surroundings 2, no regeneration
a: Heal Wounds, Renounce Religion, Evoke Blink


You were on level 11 of the Dungeon.
You worshipped Makhleb.
Makhleb was aware of your devotion.
You visited 2 branches of the dungeon, and saw 9 of its levels.

You collected 112 gold pieces.

Inventory:

Hand Weapons
 a - a +0 hand axe
 b - a +2 flail of protection
 r - a +0 war axe (weapon)
Armour
 d - a +2 leather armour of cold resistance
 f - a +0 plate armour (worn)
 g - the +1 robe of Elyvilon's Outrage {rCorr}
   (You found it on level 5 of the Dungeon)

   It provides partial protection from all sources of acid and corrosion.
 n - a +0 pair of boots (worn)
 s - the +1 leather armour "Xajujem" {Harm}
   (You found it on level 7 of the Dungeon)

   It increases damage dealt and taken.
Jewellery
 j - the ring of Ruing (right hand) {Fire *Corrode +Blink +Inv rN+ Dex+9}
   (You acquired it on level 8 of the Dungeon)

   [ring of fire]

   It enhances your fire magic.
   It affects your dexterity (+9).
   It protects you from fire.
   It makes you vulnerable to cold.
   It protects you from negative energy.
   It lets you turn invisible.
   It lets you blink.
   It may corrode you when you take damage.
 k - the ring "Cuowoly" {+Blink rElec rN+ rCorr Slay-4}
   (You found it on level 6 of the Dungeon)

   [ring of resist corrosion]

   It affects your accuracy and damage with ranged weapons and melee attacks
   (-4).
   It insulates you from electricity.
   It protects you from negative energy.
   It lets you blink.
   It provides partial protection from all sources of acid and corrosion.
 m - a ring of protection from magic (left hand)
 o - an uncursed amulet of inaccuracy
 p - an amulet of the acrobat (around neck)
 q - an uncursed ring of positive energy
Wands
 i - a wand of random effects (10)
 D - a wand of digging (3)
Scrolls
 c - a scroll of fog
 e - 2 scrolls of fear
 t - a scroll of immolation {unknown}
 M - a scroll of magic mapping
 W - a scroll of remove curse {@r2}
Potions
 h - a potion of lignification
 l - 2 potions of flight
 u - a potion of degeneration {unknown}
 v - a potion of curing {unknown}
 H - a potion of haste {@q3}


   Skills:
 - Level 2.6 Fighting
 * Level 10.9 Axes
 + Level 3.5 Armour
 - Level 6.5 Dodging
 - Level 6.0 Stealth
 - Level 5.0 Evocations


You had 8 spell levels left.
You didn't know any spells.
Your spell library was empty.

Dungeon Overview and Level Annotations

Branches:
Dungeon (12/15)            Temple (1/1) D:7            Lair (0/6) D:9
    Orc: D:9-12

Altars:
Ashenzari
Cheibriados
Dithmenos
Elyvilon
Fedhas
Gozag
Hepliaklqana
Kikubaaqudgha
Makhleb
Okawaru
Qazlal
Ru
Sif Muna
Trog
Uskayaw
Vehumet
Wu Jian
Xom
Zin
The Shining One


Innate Abilities, Weirdness & Mutations

You are resistant to damage.
You can heal yourself by infusing magical energy.
You passively map the area around you.
You do not regenerate.


Message History

The cyclops throws a large rock.
The large rock hits the yak!!
The yak dies!
You hit the yak.
The yak is almost dead.
You miss the quasit.
The quasit barely misses you. x3; The yak gores you.
You catch the helpless two-headed ogre completely off-guard!
You hit the two-headed ogre but do no damage.
The two-headed ogre is heavily wounded.
You catch the helpless yak completely off-guard!
You hit the yak but do no damage. The yak gores you but does no damage.
You hit the two-headed ogre.
The two-headed ogre is severely wounded.
You catch the helpless yak completely off-guard!
You hit the yak.
You kill the yak!
Makhleb accepts your kill.
The two-headed ogre hits you with a +0 giant spiked club!!
* * * LOW HITPOINT WARNING * * *
The two-headed ogre hits you with a +0 dire flail!
You die...

, *
>.........^.....#
,
................#
*
................#
,........).......#
,
<.....<.(......>#
...##.).C.......#
*####ooY.....# ,,
, #5Oo.....# , ,
,, * #@######## ,
#.# , ,, #.. * , ,
* #### * , , * , *
* * * , , *


You could see a two-headed ogre, a cyclops, a yak, an orc warrior, an orc
priest, an orc wizard and a quasit.

Vanquished Creatures
  A troll
  2 yaks Duvessa
  2 sky beasts
  3 black bears
  3 ogres
  A necrophage
  A phantom
  A centaur
  A big kobold
  5 bullfrogs Dowan
  A scorpion
  A howler monkey
  A bullfrog zombie
  4 orc priests
  A bullfrog skeleton
  4 orc wizards
  3 worker ants
  A worker ant zombie
  2 adders
  2 shadow imps
  A white imp
  20 orcs
  2 quokkas
  A ball python
  6 kobolds
72 creatures vanquished.

Vanquished Creatures (others)
  A yak
  A centaur
  An iguana
  2 orc wizards
  2 fungi
  A plant
8 creatures vanquished.

Grand Total: 80 creatures vanquished

Notes
Turn   | Place    | Note
-------+----------+-------------------------------------------
     0 | D:5      | Efficiency the Deep Dwarf Delver began the quest for the
                  | Orb.
     0 | D:5      | Reached XP level 1. HP: 20/20 MP: 1/1
     1 | D:6      | Noticed a howler monkey
    18 | D:6      | Killed a howler monkey
    18 | D:6      | Reached skill level 4 in Axes
    18 | D:6      | Reached XP level 2. HP: 14/27 MP: 2/2
    18 | D:6      | Reached XP level 3. HP: 18/33 MP: 3/3
    26 | D:5      | Killed a centaur
    31 | D:5      | Noticed a big kobold
    31 | D:5      | Noticed a sky beast
    35 | D:5      | Noticed a centaur
    48 | D:5      | Killed a sky beast
    48 | D:5      | Reached skill level 5 in Axes
    48 | D:5      | Reached XP level 4. HP: 17/40 MP: 4/4
    68 | D:5      | Killed a centaur
    68 | D:5      | Reached skill level 6 in Axes
    68 | D:5      | Reached XP level 5. HP: 20/46 MP: 3/3
    76 | D:5      | Reached skill level 7 in Axes
    76 | D:5      | Reached XP level 6. HP: 27/55 MP: 4/4
    98 | D:5      | Noticed a sky beast
    99 | D:5      | Got a wizard robe
   109 | D:5      | Identified the +1 robe of Elyvilon's Outrage {rCorr} (You
                  | found it on level 5 of the Dungeon)
   163 | D:5      | Reached skill level 8 in Axes
   171 | D:5      | Killed a sky beast
   171 | D:5      | Reached XP level 7. HP: 23/61 MP: 3/3
   245 | D:4      | Reached skill level 9 in Axes
   253 | D:5      | Found an opulent altar of Gozag.
   284 | D:6      | HP: 8/61 [white imp/puff of frost (10)]
   313 | D:6      | HP: 7/61 [shadow imp/nerve-wracking pain (12)]
   318 | D:6      | Noticed Duvessa
   320 | D:6      | Noticed Dowan
   330 | D:6      | Killed Duvessa
   355 | D:6      | Killed Dowan
   377 | D:6      | Got a vibrating iron ring
   377 | D:6      | Identified the ring "Cuowoly" {+Blink rElec rN+ rCorr
                  | Slay-4} (You found it on level 6 of the Dungeon)
   412 | D:6      | Reached skill level 10 in Axes
   535 | D:6      | Reached XP level 8. HP: 33/68 MP: 3/3
   635 | D:7      | Reached skill level 1 in Armour
   657 | D:7      | Reached skill level 2 in Armour
   710 | D:8      | Identified a scroll of acquirement
   712 | D:8      | Acquired the ring of Ruing {Fire *Corrode +Blink +Inv rN+
                  | Dex+9}
   721 | D:7      | Found a staircase to the Ecumenical Temple.
   732 | Temple   | Entered the Ecumenical Temple
   781 | Temple   | Became a worshipper of Makhleb the Destroyer
   795 | Temple   | Reached skill level 1 in Evocations
   851 | D:8      | Reached skill level 3 in Dodging
   866 | D:7      | Got a dazzling leather armour
   876 | D:7      | Identified the +1 leather armour "Xajujem" {Harm} (You
                  | found it on level 7 of the Dungeon)
   954 | D:8      | Reached skill level 2 in Evocations
   956 | D:8      | HP: 9/68 [ogre/+0 giant club (13)]
   966 | D:8      | Reached skill level 4 in Dodging
   991 | D:9      | Reached skill level 3 in Evocations
  1003 | D:9      | Reached skill level 5 in Dodging
  1005 | D:9      | Reached skill level 4 in Evocations
  1019 | D:9      | Reached skill level 6 in Dodging
  1044 | D:9      | Gained mutation: You passively map the area around you.
                  | [Deep Dwarf growth]
  1044 | D:9      | Reached XP level 9. HP: 51/74 MP: 3/3
  1057 | D:9      | You fall into a shaft and drop 3 floors!
  1059 | D:12     | Noticed a troll
  1077 | D:12     | Killed a troll
  1077 | D:12     | Reached skill level 5 in Evocations
  1091 | D:11     | Upgraded the game from 0.26-a0-689-gc93c913f66 to
                  | 0.26-a0-694-g74916bafe0
  1093 | D:11     | Noticed a cyclops
  1096 | D:11     | Noticed a two-headed ogre
  1098 | D:11     | Reached * piety under Makhleb
  1115 | D:11     | Reached skill level 3 in Armour
  1120 | D:11     | HP: 9/74 [two-headed ogre/+0 giant spiked club (23)]
  1120 | D:11     | Slain by a two-headed ogre

Illustrated notes

Levels and vault maps discovered:
D:4:      layout_cave_pools, eino_tiny_chamber, uniq_robin, uniq_pikel
D:5:      layout_cave_pools, grunt_gozag_breadcrumbs, lemuel_flamethrower_2
D:6:      layout_loops_corners, uniq_duvessa
D:7:      layout_layer_cave, minmay_temple_entry_slanted,
          chequers_serial_rivers_small_3, chequers_mini_garden
D:8:      layout_loops_cross, uniq_erica
D:9:      layout_gridville, grunt_lair_entry_orc_guard_hut, moated_statue
D:11:     layout_rooms, erik_orc_3, enter_bailey_8, item_on_display_a
D:12:     kennysheep_treasure_stockpile, layout_irregular_city, uniq_frances,
          uniq_kirke
Temple:   regret_index_temple_chain_breaker

Skill      XL: |  1  2  3  4  5  6  7  8  9 |
---------------+----------------------------+-----
Axes           | 4 5 6 7 8 10 | 10.9
Armour         | 2 3 |  3.5
Evocations     | 4 5 |  5.0
Dodging        | 6 |  6.5
Fighting       | |  2.6
Stealth        | |  6.0

Action                   |  1- 3 |  4- 6 |  7- 9 || total
-------------------------+-------+-------+-------++-------
Melee: Hand axe          |    19 |    63 |   193 ||   275
       War axe           |       |       |    81 ||    81
 Abil: Heal Wounds       |       |    10 |    24 ||    34
       Evoke Blink       |       |       |     4 ||     4
       Evoke Invisibilit |       |       |     1 ||     1
Evoke: Wand              |     1 |     7 |    18 ||    26
  Use: Scroll            |       |       |     5 ||     5
 Stab: Paralysed         |     4 |     6 |     5 ||    15
       Invisible         |       |       |     8 ||     8
Armor: Leather armour    |     7 |     9 |    10 ||    26
       Robe              |       |    13 |     6 ||    19
       Plate armour      |       |       |   200 ||   200
Dodge: Dodged            |    21 |    67 |   199 ||   287

Table legend: (Time is in decaauts)
 A = Elapsed time spent in this place.
 B = Non-inter-level travel time spent in this place.
 C = Inter-level travel time spent in this place.
 D = Time resting spent in this place.
 E = Time spent auto-exploring this place.
 F = Levels seen in this place.
 G = Mean time per level.
                   A        B        C        D        E       F      G
               +--------+--------+--------+--------+--------+-----+--------+
         Total |   1087 |   1077 |     10 |      0 |      0 |   9 |  120.8 |
       Dungeon |   1011 |   1011 |      0 |      0 |      0 |   8 |  126.4 |
        Temple |     75 |     65 |     10 |      0 |      0 |   1 |   75.0 |
               +--------+--------+--------+--------+--------+-----+--------+

Top non-repeatable levels by time:
     D:6: 334 daAuts
     D:7: 211 daAuts
     D:5: 180 daAuts
     D:8: 93 daAuts
  Temple: 75 daAuts
     D:9: 71 daAuts
     D:4: 58 daAuts
    D:12: 32 daAuts
    D:11: 29 daAuts
